 Dungeon Crawl Stone Soup version 0.21.1-72-gffa868e0fe (webtiles) character file.

82944 Raybro228 the Tortoise (level 15, -12/126 HPs)
             Began as a Minotaur Fighter on Aug 6, 2018.
             Was a High Priest of Okawaru.
             Killed from afar by Nikola (35 damage)
             ... with a bolt of lightning
             ... on level 1 of the Spider Nest.
             The game lasted 02:10:38 (22222 turns).

Raybro228 the Tortoise (Minotaur Fighter)          Turns: 22222, Time: 02:10:38

Health: -12/126    AC: 35    Str: 29    XL:     15   Next: 30%
Magic:  14/14      EV:  5    Int:  5    God:    Okawaru [*****.]
Gold:   1747       SH:  0    Dex: 19    Spells: 14/14 levels left

rFire    . . .     SeeInvis +   L - +10 flail "Bazo" {crush, *Noise Str-2 Dex+9 Stlth+}
rCold    + . .     Gourm    .   w - +0 large shield {rC+}
rNeg     + . .     Faith    .   Y - +4 crystal plate armour of Hakug {SInv}
rPois    +         Spirit   .   (helmet restricted)
rElec    .         Reflect  .   W - +1 cloak {rPois}
rCorr    .         Harm     .   t - +0 pair of gloves
MR       +....                  Q - +0 pair of boots {Fly}
Stlth    ..........             b - amulet of rage
HPRegen  0.31/turn              H - ring of positive energy
MPRegen  0.14/turn              d - +4 ring of strength

@: confused, flying
A: retaliatory headbutt, horns 2
a: Heroism, Finesse, Renounce Religion, Evoke Berserk Rage, Stop Flying


You were on level 1 of the Spider Nest.
You worshipped Okawaru.
Okawaru was extremely pleased with you.
You were hungry.

You visited 5 branches of the dungeon, and saw 23 of its levels.

You collected 2385 gold pieces.
You spent 638 gold pieces at shops.

Inventory:

Hand Weapons
 L - the +10 flail "Bazo" (weapon) {crush, *Noise Str-2 Dex+9 Stlth+}
   (Okawaru gifted it to you on level 10 of the Dungeon)

   It inflicts extra damage upon your enemies.
   It affects your strength (-2).
   It affects your dexterity (+9).
   It may make noises in combat.
   It makes you more stealthy.
Armour
 t - a +0 pair of gloves (worn)
 w - a +0 large shield of cold resistance (worn)
 Q - a +0 pair of boots of flying (worn)
 W - a +1 cloak of poison resistance (worn)
 Y - the +4 crystal plate armour of Hakug (worn) {SInv}
   (Okawaru gifted it to you on level 9 of the Dungeon)

   It lets you see invisible.
Jewellery
 b - an amulet of rage (around neck)
 d - a +4 ring of strength (right hand)
 j - an uncursed ring of protection from magic
 n - an uncursed ring of protection from fire
 z - a +6 ring of dexterity
 H - a ring of positive energy (left hand)
Wands
 v - a wand of flame (30)
 K - a wand of disintegration (35)
 P - a wand of iceblast (21)
 U - a wand of scattershot (5)
Scrolls
 c - 2 scrolls of summoning {unknown}
 e - 16 scrolls of remove curse
 i - 4 scrolls of fog
 k - 10 scrolls of teleportation
 l - a scroll of random uselessness {unknown}
 o - 3 scrolls of fear
 p - 4 scrolls of immolation
 r - 8 scrolls of magic mapping
 u - 3 scrolls of blinking
 x - a scroll of brand weapon {unknown}
 A - 2 scrolls of amnesia
 B - 3 scrolls of vulnerability
 E - 2 scrolls of silence
 M - 5 scrolls of enchant armour
 O - 2 scrolls of enchant weapon {unknown}
 Z - 2 scrolls of identify
Potions
 a - a potion of lignification {unknown}
 g - 2 potions of berserk rage {unknown}
 h - 4 potions of haste
 m - a potion of curing
 q - 2 potions of resistance
 s - a potion of invisibility {unknown}
 C - a potion of ambrosia
 D - 2 potions of might
 I - a potion of brilliance {unknown}
 R - 3 potions of flight {unknown}
 V - 3 potions of cancellation
Comestibles
 f - 21 rations


   Skills:
 - Level 10.0 Fighting
   Level 13.0(15.9) Axes
 - Level 15.4(17.0) Maces & Flails
 - Level 16.9 Armour
 + Level 16.2 Shields


You had 14 spell levels left.
You didn't know any spells.

Dungeon Overview and Level Annotations

Branches:
Dungeon (15/15)            Temple (1/1) D:6            Lair (3/6) D:9
  Swamp (0/4) Lair:3       Spider (2/4) Lair:3          Orc (2/2) D:9
    Elf (0/3) Orc:2        Vaults (0/5) D:14         Depths (0/5) D:15

Altars:
Ashenzari
Cheibriados
Dithmenos
Elyvilon
Fedhas
Hepliaklqana
Kikubaaqudgha
Makhleb
Nemelex Xobeh
Okawaru
Ru
Sif Muna
Trog
Uskayaw
Vehumet
Wu Jian
Xom
Yredelemnul
Zin
Beogh

Shops:
D:4 !   D:13 %   Orc:2 *=*%(

Annotations:
D:8 exclusion: orange crystal statue
D:12 4 runed doors, exclusion: ice statue
Spider:1 Nikola


Innate Abilities, Weirdness & Mutations

You reflexively headbutt those who attack you in melee.
You have a pair of horns on your head.


Message History

The orb spider dies!
The lightning arc hits Nikola.
The lightning arc hits the tarantella.
The tarantella dies!
The lightning arc hits Nikola.
You hear an angry hiss. x2; You hear an angry buzzing noise.
You found a web!
Nikola gestures wildly while chanting.
You hear a mighty clap of thunder!
The lightning arc hits you!
The lightning arc hits Nikola.
The lightning arc hits you!
The lightning arc hits Nikola.
The lightning arc hits you!
* * * LOW HITPOINT WARNING * * *
The lightning arc hits Nikola.
The lightning arc hits you!
* * * LOW HITPOINT WARNING * * *
You hear an angry hiss.
You hear an angry buzzing noise.
You are confused.
You feel invigorated.
Nikola points at you and mumbles some strange words.
The bolt of lightning hits you!
You die...

#.#####..##†#.#...........#.
.#.#.....#^#...##..#..####^.[
...##.#.##....#...##......##.
#.(..#.#.#..#...#.#..#..##..#
..#.......@#..#.#....#....#.#
#...#..#..###....#..#.#.#...
#.#....##....#.#.##.#.....#.
##..##.§.#...#..#.......#....
...#....#..#@#..^##..##.#..##
#....#..#....#.#.#....###....
#.##....##.#.#.#...#...##...#
#...#...###.#...#...######..
##.#...#......#.#.#..## ..
#..##.....##..#....#.# ..
.......†.#..#..###...≈# ##
#..##.##....##†.#.#.### #..#
##..^###.#.....##


You could see Nikola.

Vanquished Creatures
  A ghost moth (Spider:1)
  An emperor scorpion (Spider:1)
  The ghost of Shavain the Grappler, a journeyman TrMo of Cheibriados (D:11)
  2 hydras
  3 vault guards (D:14)
  The ghost of Gunterle the Spear-Bearer, a novice OgGl of Hepliaklqana (Lair:1)
  2 centaur warriors
  4 two-headed ogres
  A death knight (D:13)
  A tengu warrior (D:15)
  4 orc high priests
  A fire crab (shapeshifter) (D:14)
  5 skeletal warriors
  2 unseen horrors
  2 wizards
  5 orc knights
  A harpy (shapeshifter) (D:15)
  4 orb spiders
  3 necromancers
  2 wolf spider zombies
  3 deep elf magi
  6 cyclopes
  5 orc sorcerers (Orc:2)
  5 wolf spiders
  4 elephants (Lair:3)
  7 ugly things
  2 manticores
  3 centaur zombies
  A black mamba (Lair:1)
  Joseph (D:10)
  6 spiny frogs
  A gargoyle (D:14)
  2 naga magi (D:15)
  2 freezing wraiths (D:13)
  2 rime drakes (Lair:1)
  3 kobold demonologists (D:15)
  2 komodo dragons
  A redback zombie (D:14)
  6 trolls
  A queen bee (D:8)
  5 demonic crawlers (Spider:1)
  6 jumping spiders (Spider:1)
  A hornet (Spider:1)
  A wolf spider simulacrum (D:15)
  7 hippogriffs
  18 slime creatures
  A centaur simulacrum (D:15)
  2 wraiths
  2 vampires
  3 wyverns
  2 shadows
  Eustachio (D:4)
  7 redbacks
  27 yaks
  19 humans (D:14)
  3 basilisks
  6 hungry ghosts
  The ghost of Sapher the Grave Robber, an amateur GnNe (D:5)
  6 wargs
  A soldier ant (D:15)
  A swamp worm (Lair:3)
  An acid dragon (D:15)
  8 porcupines
  6 water moccasins
  31 orc warriors
  2 phantoms
  7 sky beasts
  An eye of draining (D:13)
  2 ice beasts
  4 black bears (D:9)
  2 necrophages
  16 wolves
  12 ogres
  10 centaurs
  8 crocodiles
  2 big kobolds
  16 bullfrogs
  A wyvern zombie (D:13)
  3 scorpions
  21 killer bees
  2 vampire bats (D:9)
  4 wights (D:10)
  6 howler monkeys
  2 electric eels
  2 quasits
  4 crimson imps
  8 jellies
  23 orc priests
  2 hounds
  5 centaur skeletons
  21 orc wizards
  6 iguanas
  6 worker ants
  A killer bee zombie (D:6)
  2 hound zombies
  2 hound skeletons
  2 worker ant zombies
  11 gnolls
  A howler monkey zombie (D:9)
  3 howler monkey skeletons
  5 adders
  3 shadow imps
  2 oozes
  An adder skeleton (D:5)
  An adder zombie (D:8)
  4 worms
  A dart slug (D:2)
  5 leopard geckos
  83 orcs
  7 bats
  5 bat skeletons (D:9)
  2 bat zombies (D:9)
  A giant cockroach (D:3)
  16 goblins
  10 hobgoblins
  9 jackals
  9 kobolds
  2 quokkas
  5 ball pythons
  8 frilled lizards
  A leopard gecko zombie (D:7)
  3 rats
  4 fungi (D:9)
  4 plants
686 creatures vanquished.

Vanquished Creatures (others)
  An orb spider (Spider:1)
  A tarantella (Spider:1)
  An orc wizard (Orc:1)
  A howler monkey skeleton (D:10)
  17 fungi
  16 plants
37 creatures vanquished.

Grand Total: 723 creatures vanquished

Notes
Turn   | Place    | Note
-------+----------+-------------------------------------------
     0 | D:1      | Raybro228 the Minotaur Fighter began the quest for the Orb.
     0 | D:1      | Reached XP level 1. HP: 19/19 MP: 0/0
    25 | D:1      | Reached XP level 2. HP: 25/27 MP: 1/1
   388 | D:1      | Reached XP level 3. HP: 33/33 MP: 2/2
   701 | D:2      | Found a hazy altar of Hepliaklqana.
   774 | D:2      | Reached skill level 5 in Axes
   796 | D:2      | Found an ornate altar of the Wu Jian Council.
   825 | D:2      | Reached XP level 4. HP: 24/40 MP: 3/3
  1529 | D:3      | Reached XP level 5. HP: 18/46 MP: 4/4
  2529 | D:4      | Reached XP level 6. HP: 43/52 MP: 5/5
  2644 | D:4      | Noticed Eustachio
  2671 | D:4      | Killed Eustachio
  2689 | D:4      | Found Ceapsusch's Distillery.
  2694 | D:4      | Bought a potion of heal wounds for 60 gold pieces
  2761 | D:4      | Reached XP level 7. HP: 58/58 MP: 6/6
  2966 | D:4      | Found a blossoming altar of Fedhas.
  2967 | D:4      | Found a snail-covered altar of Cheibriados.
  3003 | D:4      | Found a sparkling altar of Nemelex Xobeh.
  3425 | D:5      | Entered Level 5 of the Dungeon
  3425 | D:5      | Noticed Sapher's ghost (amateur GnNe)
  3454 | D:5      | Killed Sapher's ghost
  3545 | D:5      | Found a sacrificial altar of Ru.
  3771 | D:5      | Reached skill level 5 in Shields
  4056 | D:6      | Reached XP level 8. HP: 66/66 MP: 7/7
  4110 | D:6      | Found a blossoming altar of Fedhas.
  4410 | D:6      | Found a staircase to the Ecumenical Temple.
  4416 | Temple   | Entered the Ecumenical Temple
  4546 | Temple   | Became a worshipper of Warmaster Okawaru
  4777 | D:6      | Noticed a hippogriff
  4786 | D:6      | Killed a hippogriff
  4818 | D:6      | Found a burning altar of Makhleb.
  4825 | D:6      | Reached * piety under Okawaru
  5213 | D:7      | Found a basalt altar of Yredelemnul.
  5213 | D:7      | Found a glowing silver altar of Zin.
  5224 | D:7      | Found a hide-covered altar of Uskayaw.
  5224 | D:7      | Found a shattered altar of Ashenzari.
  5367 | D:7      | Reached skill level 5 in Fighting
  5826 | D:8      | Noticed a hippogriff
  5832 | D:8      | Reached XP level 9. HP: 72/78 MP: 8/8
  6003 | D:8      | Reached ** piety under Okawaru
  6336 | D:8      | Reached skill level 10 in Fighting
  6373 | D:8      | Noticed a queen bee
  6391 | D:8      | Killed a queen bee
  6428 | D:8      | Reached *** piety under Okawaru
  6602 | D:8      | Reached skill level 10 in Armour
  6648 | D:8      | Found a runed door.
  6649 | D:8      | Noticed an orange crystal statue
  6663 | D:8      | Found the +10 large shield of Ignorance {rN+ Int-4}
  6675 | D:8      | Found a runed door.
  6743 | D:8      | Noticed a two-headed ogre
  6749 | D:8      | Killed a two-headed ogre
  6749 | D:8      | Reached XP level 10. HP: 78/93 MP: 9/9
  6939 | D:9      | Reached **** piety under Okawaru
  7071 | D:9      | Found a staircase to the Lair.
  7190 | D:9      | Reached skill level 10 in Shields
  7200 | D:9      | Found a staircase to the Orcish Mines.
  7215 | Orc:1    | Entered Level 1 of the Orcish Mines
  7252 | D:9      | Noticed a two-headed ogre
  7275 | D:9      | Killed a two-headed ogre
  7275 | D:9      | Reached ***** piety under Okawaru
  7681 | D:9      | Found an ancient bone altar of Kikubaaqudgha.
  7832 | D:10     | Entered Level 10 of the Dungeon
  7832 | D:10     | Noticed a two-headed ogre
  7900 | D:10     | Reached XP level 11. HP: 99/99 MP: 10/10
  7998 | D:10     | Killed a two-headed ogre
  8200 | D:10     | Noticed a two-headed ogre
  8214 | D:10     | Killed a two-headed ogre
  8214 | D:10     | Received a gift from Okawaru
  8220 | D:10     | Got a faintly glowing flail {god gift}
  8237 | D:10     | Noticed Joseph
  8270 | D:10     | Killed Joseph
  8457 | D:10     | Found a white marble altar of Elyvilon.
  8771 | D:11     | Noticed Shavain's ghost (journeyman TrMo)
  9526 | D:11     | Reached skill level 10 in Axes
  9563 | D:11     | Reached ****** piety under Okawaru
  9859 | D:11     | Noticed a cyan ugly thing
 10085 | D:12     | Noticed a white ugly thing
 10093 | D:12     | Killed a white ugly thing
 10274 | D:12     | Found a runed door.
 10311 | D:12     | Found a runed door.
 10329 | D:12     | Found a runed door.
 10331 | D:12     | Noticed a white ugly thing
 10366 | D:12     | Killed a white ugly thing
 10366 | D:12     | Reached XP level 12. HP: 61/106 MP: 9/11
 11070 | D:11     | Found a shimmering altar of Xom.
 11086 | D:11     | Received a gift from Okawaru
 11544 | D:12     | Identified the +10 flail "Bazo" {crush, *Noise Str-2 Dex+9 Stlth+} (Okawaru gifted it to you on level 10 of the Dungeon)
 11765 | D:12     | Received a gift from Okawaru
 11882 | D:12     | Reached skill level 1 in Maces & Flails
 11891 | D:12     | Found a roughly hewn altar of Beogh.
 12191 | D:12     | Reached skill level 5 in Maces & Flails
 12261 | D:12     | Found a runed door.
 12261 | D:12     | Noticed a sphinx
 12261 | D:12     | Noticed an ettin
 12261 | D:12     | Noticed a tengu reaver
 12263 | D:12     | Noticed a storm dragon
 12263 | D:12     | Noticed a yaktaur captain
 12263 | D:12     | Noticed a fire giant
 12263 | D:12     | Noticed a sphinx
 12264 | D:12     | Found the +7 longbow "Piercer" {penet, EV-2}
 12377 | D:12     | Found a runed door.
 12502 | D:12     | HP: 4/106 [very large slime creature (35)]
 13247 | D:13     | Found Toraam's Food Shoppe.
 13443 | D:13     | Noticed a death knight
 13469 | D:13     | Killed a death knight
 13469 | D:13     | Reached skill level 10 in Maces & Flails
 13719 | D:13     | Noticed a six-headed hydra
 13728 | D:13     | Killed a six-headed hydra
 14122 | D:14     | Noticed a centaur warrior
 14125 | D:14     | Reached XP level 13. HP: 109/113 MP: 12/12
 14172 | D:14     | Received a gift from Okawaru
 15084 | D:14     | Found a deep blue altar of Sif Muna.
 15429 | D:14     | Reached skill level 15 in Maces & Flails
 15431 | D:14     | Received a gift from Okawaru
 15596 | D:14     | Found a gate to the Vaults.
 15901 | D:15     | Entered Level 15 of the Dungeon
 16224 | D:15     | Reached XP level 14. HP: 120/121 MP: 13/13
 16443 | D:15     | Found a staircase to the Depths.
 17058 | D:11     | Killed Shavain's ghost
 17436 | D:9      | Received a gift from Okawaru
 17443 | D:9      | Got a transparent crystal plate armour {god gift}
 17454 | D:9      | Identified the +4 crystal plate armour of Hakug {SInv} (Okawaru gifted it to you on level 9 of the Dungeon)
 17841 | Orc:1    | Reached skill level 15 in Armour
 17887 | Orc:2    | Entered Level 2 of the Orcish Mines
 17887 | Orc:2    | Found a staircase to the Elven Halls.
 17923 | Orc:2    | Found Okher's Assorted Antiques.
 18255 | Orc:2    | Bought a scroll labeled OKAKATYXIA for 34 gold pieces
 18255 | Orc:2    | Bought a fuming blue potion for 30 gold pieces
 18255 | Orc:2    | Bought a metallic blue potion for 30 gold pieces
 18488 | Orc:2    | Paralysed by an orc sorcerer for 2 turns
 18505 | Orc:2    | Paralysed by an orc sorcerer for 3 turns
 18551 | Orc:2    | Found Opeonugu's Jewellery Shoppe.
 18556 | Orc:2    | Found Seseec's Food Shop.
 18559 | Orc:2    | Bought an uncursed ring of protection from magic for 400 gold pieces
 18561 | Orc:2    | Found Onielafo's Antique Weapon Shop.
 18563 | Orc:2    | Found Jefuog's Assorted Antiques.
 18571 | Orc:2    | Bought a potion of curing for 84 gold pieces
 19112 | Lair:1   | Entered Level 1 of the Lair of Beasts
 19473 | Lair:1   | Noticed Gunterle's ghost (novice OgGl)
 19501 | Lair:1   | Killed Gunterle's ghost
 20065 | Lair:2   | Received a gift from Okawaru
 20735 | Lair:3   | Reached XP level 15. HP: 118/126 MP: 14/14
 20766 | Lair:3   | Found a staircase to the Swamp.
 21014 | Lair:3   | Found a hole to the Spider Nest.
 21308 | Spider:1 | Entered Level 1 of the Spider Nest
 21315 | Spider:1 | Reached skill level 15 in Shields
 21892 | Spider:1 | Noticed Nikola
 21915 | Spider:1 | Noticed a ghost moth
 21928 | Spider:1 | Killed a ghost moth
 22222 | Spider:1 | Killed from afar by Nikola

Skill      XL: |  1  2  3  4  5  6  7  8  9 10 11 12 13 14 15 |
---------------+----------------------------------------------+-----
Axes           | 3 4 5 6 7 11 13 | 13.0
Armour         | 4 6 8 11 12 16 | 16.9
Shields        | 5 8 12 13 14 16 | 16.2
Fighting       | 6 10 | 10.0
Maces & Flails | 10 15 | 15.4

Action                   |  1- 3 |  4- 6 |  7- 9 | 10-12 | 13-15 || total
-------------------------+-------+-------+-------+-------+-------++-------
Melee: War axe           |    90 |    45 |       |       |       ||   135
       Headbutt          |    15 |    25 |    55 |   234 |   308 ||   637
       Hand axe          |       |    77 |   350 |   683 |       ||  1110
       Flail             |       |       |       |   249 |   961 ||  1210
Throw: Tomahawk          |       |       |       |       |     3 ||     3
Invok: Heroism           |       |       |       |    13 |    11 ||    24
       Finesse           |       |       |       |       |     3 ||     3
 Abil: Stop Flying       |       |       |       |     1 |       ||     1
       Evoke Flight      |       |       |       |     1 |       ||     1
Evoke: Wand              |       |       |     3 |     3 |     6 ||    12
  Use: Scroll            |       |     3 |     2 |     3 |    15 ||    23
       Potion            |       |     1 |     1 |    13 |     3 ||    18
  Eat: Chunk             |       |     6 |    10 |    33 |    16 ||    65
       Ration            |       |       |     1 |     3 |     3 ||     7
Armor: Scale mail        |    41 |    24 |       |       |       ||    65
       Plate armour      |       |    11 |   229 |   289 |    97 ||   626
       Crystal plate arm |       |       |       |       |   350 ||   350
Dodge: Dodged            |    33 |    29 |    79 |   155 |   117 ||   413
Block: Shield            |    44 |    45 |   189 |   475 |   106 ||   859
       Large shield      |       |       |       |       |   769 ||   769
